 Dungeon Crawl Stone Soup version 0.18.1-48-g4cf74bf (webtiles) character file.

3068 Galewin the Severer (level 9, -2/105 HPs)
             Began as a Minotaur Berserker on July 30, 2016.
             Was an Elder of Trog.
             Slain by WarriorsX's ghost (20 damage)
             ... on level 8 of the Dungeon.
             The game lasted 00:13:27 (5844 turns).

Galewin the Severer (Minotaur Berserker)            Turns: 5844, Time: 00:13:27

Health: -2/105     AC:  2    Str: 30    XL:     9   Next: 58%
Magic:  8/8        EV: 12    Int:  4    God:    Trog [****..]
Gold:   464        SH:  0    Dex: 10    Spells: 0 memorised, 8 levels left

rFire  . . .     SeeInvis .     s - +0 war axe
rCold  . . .     Gourm    .     b - +0 animal skin
rNeg   . . .     Faith    .     (no shield)
rPois  +         Spirit   .     (helmet restricted)
rElec  .         Dismiss  .     (no cloak)
rCorr  .         Reflect  .     (no gloves)
SustAt .         Harm     .     (no boots)
MR     .....                    (no amulet)
Stlth  ..........               (no ring)
                                g - ring of poison resistance

@: berserking (expiring), very quick, not resistant to hostile enchantments,
extremely unstealthy
A: retaliatory headbutt, horns 2
a: Berserk, Trog's Hand, Brothers in Arms, Burn Spellbooks, Renounce Religion


You were on level 8 of the Dungeon.
You worshipped Trog.
Trog was greatly pleased with you.
You were not hungry.

You visited 1 branch of the dungeon, and saw 8 of its levels.

You collected 464 gold pieces.

Inventory:

Hand Weapons
 s - a +0 war axe (weapon)
Armour
 b - a +0 animal skin (worn)
 y - a steam dragon hide
Jewellery
 e - an uncursed ring of resist corrosion
 g - a ring of poison resistance (left hand)
 m - an uncursed ring of flight
Wands
 h - a wand of digging (10/24)
 o - a wand of confusion (35/48)
 v - a wand of lightning (13/15)
Scrolls
 i - 5 scrolls of teleportation
 l - 2 scrolls of enchant weapon
 n - a scroll of blinking
 p - 5 scrolls of remove curse
 q - a scroll of magic mapping
 r - 4 scrolls of identify
 t - a scroll of fear
 x - 4 scrolls of recharging
Potions
 d - 3 potions of curing {unknown}
 f - 2 potions of flight {unknown}
 j - 5 potions of heal wounds
 u - a potion of degeneration {unknown}
 w - 2 potions of agility {unknown}
Comestibles
 a - 3 beef jerkies
 c - 4 bread rations
 k - 3 royal jellies
 z - 5 chunks of flesh


   Skills:
 - Level 3.6 Fighting
 + Level 15.4 Axes
 - Level 2.4 Armour
 - Level 2.1 Dodging


You had 8 spell levels left.
You didn't know any spells.

Dungeon Overview and Level Annotations

Branches:
Dungeon (8/15)             Temple (0/1) D:6
   Lair: D:8-11

Altars:
Cheibriados
Gozag
Trog

Shops:
D:4 [   D:6 [

Annotations:
D:8 WarriorsX's ghost, novice HuFi


Innate Abilities, Weirdness & Mutations

You reflexively headbutt those who attack you in melee.
You have a pair of horns on your head.


Message History

You hit WarriorsX's ghost but do no damage.
You headbutt WarriorsX's ghost, but do no damage.
WarriorsX's ghost is heavily damaged.
You completely miss WarriorsX's ghost.
WarriorsX's ghost is heavily damaged.
WarriorsX's ghost hits you.
* * * LOW HITPOINT WARNING * * *
You slash WarriorsX's ghost!
WarriorsX's ghost is heavily damaged.
You closely miss WarriorsX's ghost.
WarriorsX's ghost is heavily damaged.
WarriorsX's ghost says very slowly, "There's no hope."
WarriorsX's ghost closely misses you.
You slash WarriorsX's ghost!
You headbutt WarriorsX's ghost, but do no damage.
WarriorsX's ghost is severely damaged.
You barely miss WarriorsX's ghost. Your headbutt misses WarriorsX's ghost.
WarriorsX's ghost is severely damaged.
WarriorsX's ghost hits you!!
You die...

#......# #.....)#
#......#
#####......############
.........).............
######.##.############
#.....#.# #.....#.#
#..@..#.# #..W..#.#
#.....#.# .......#.#
..#.....# #...#......
... ........ #.
.#........


You could see WarriorsX's ghost.

Vanquished Creatures
  Grinder (D:5)
  Sigmund (D:3)
  2 steam dragons (D:5)
  A water moccasin (D:7)
  An orc warrior (D:6)
  4 ice beasts
  2 ogres
  2 black bears
  7 centaurs
  The ghost of Ferkelamun the Firebug, an amateur DEFE (D:3)
  A giant frog (D:8)
  A gnoll sergeant (D:7)
  A wyvern skeleton (D:7)
  A howler monkey (D:6)
  2 crimson imps
  A centaur zombie (D:4)
  A centaur skeleton (D:6)
  2 orc priests
  2 giant frog skeletons
  A hound (D:5)
  An orc wizard (D:6)
  An iguana (D:5)
  Natasha (twice) (D:3)
  3 worker ants
  A hound skeleton (D:5)
  4 gnolls
  A howler monkey zombie (D:6)
  8 adders
  2 shadow imps
  An ooze (D:2)
  An adder skeleton (D:5)
  A worm (D:2)
  2 dart slugs
  5 giant geckos
  13 orcs
  8 bats
  7 giant cockroaches
  15 hobgoblins
  8 jackals
  4 kobolds (D:1)
  6 quokkas
  A ball python (D:2)
  4 giant newts
  9 goblins
  A quokka zombie (D:6)
  7 rats
  A fungus (D:5)
152 creatures vanquished.

Vanquished Creatures (others)
  A hound skeleton (D:8)
1 creature vanquished.

Grand Total: 153 creatures vanquished

Notes
Turn   | Place    | Note
--------------------------------------------------------------
     0 | D:1      | Galewin the Minotaur Berserker began the quest for the Orb.
     0 | D:1      | Reached XP level 1. HP: 19/19 MP: 0/0
    40 | D:1      | Reached skill level 4 in Axes
   129 | D:1      | Reached XP level 2. HP: 21/26 MP: 1/1
   234 | D:1      | Reached skill level 5 in Axes
   272 | D:1      | Reached XP level 3. HP: 20/31 MP: 2/2
   282 | D:1      | Reached ** piety under Trog
   859 | D:2      | Reached XP level 4. HP: 33/39 MP: 3/3
   906 | D:2      | Reached skill level 6 in Axes
  1336 | D:3      | Noticed Sigmund
  1336 | D:3      | Reached *** piety under Trog
  1338 | D:3      | Noticed Ferkelamun's ghost (amateur DEFE)
  1345 | D:3      | Killed Sigmund
  1345 | D:3      | Reached skill level 8 in Axes
  1345 | D:3      | Reached XP level 5. HP: 13/45 MP: 4/4
  1348 | D:3      | Killed Ferkelamun's ghost
  1348 | D:3      | Reached XP level 6. HP: 7/51 MP: 5/5
  1620 | D:3      | Noticed Natasha
  1625 | D:3      | Killed Natasha
  1869 | D:3      | Noticed Natasha
  1875 | D:3      | Killed Natasha
  2102 | D:3      | Reached skill level 9 in Axes
  2324 | D:4      | Reached XP level 7. HP: 41/57 MP: 6/6
  2362 | D:4      | Found Puxkaerr's Antique Armour Boutique.
  2644 | D:4      | Reached skill level 10 in Axes
  2870 | D:5      | Entered Level 5 of the Dungeon
  2902 | D:5      | Noticed Grinder
  2920 | D:5      | Killed Grinder
  2920 | D:5      | Reached skill level 11 in Axes
  3073 | D:5      | Reached **** piety under Trog
  3187 | D:5      | Reached XP level 8. HP: 59/64 MP: 7/7
  3243 | D:5      | Found an opulent altar of Gozag.
  3397 | D:5      | Reached skill level 12 in Axes
  3578 | D:6      | Reached skill level 13 in Axes
  3853 | D:6      | Found Untukigi's Antique Armour Shop.
  3945 | D:6      | HP: 2/96 [orc warrior/mace (17)]
  4262 | D:6      | Found a staircase to the Ecumenical Temple.
  4275 | D:6      | Found a snail-covered altar of Cheibriados.
  4540 | D:6      | Reached XP level 9. HP: 36/70 MP: 8/8
  4598 | D:7      | Reached skill level 14 in Axes
  5216 | D:7      | Found a bloodstained altar of Trog.
  5567 | D:7      | Reached skill level 15 in Axes
  5824 | D:8      | Noticed WarriorsX's ghost (novice HuFi)
  5844 | D:8      | Slain by WarriorsX's ghost

Skill      XL: |  1  2  3  4  5  6  7  8  9 |
---------------+----------------------------+-----
Axes           | 4 5 8 9 11 13 15 | 15.4
Fighting       | |  3.6
Armour         | |  2.4
Dodging        | |  2.1

Action                   |  1- 3 |  4- 6 |  7- 9 || total
-------------------------+-------+-------+-------++-------
Melee: Hand axe          |    73 |    69 |       ||   142
       Headbutt          |    13 |    17 |    39 ||    69
       War axe           |       |    11 |   215 ||   226
Invok: Berserk           |       |     1 |     8 ||     9
  Use: Scroll            |       |    12 |     5 ||    17
  Eat: Chunk             |       |     5 |     9 ||    14
       Meat ration       |       |       |     2 ||     2
Armor: Animal skin       |     9 |     4 |    23 ||    36
Dodge: Dodged            |    47 |    38 |   116 ||   201
